 Dungeon Crawl Stone Soup version 0.23.2-30-g0e89c35649 (webtiles) character file.

Game seed: 5203395256422755360

71 Descartes the Grasshopper (level 4, -1/35 HPs)
             Began as a Demonspawn Warper on June 10, 2019.
             Slain by a sky beast (5 damage)
             ... on level 3 of the Dungeon.
             The game lasted 00:05:43 (2297 turns).

Descartes the Grasshopper (Demonspawn Warper)       Turns: 2297, Time: 00:05:44

Health: -1/35      AC:  7    Str: 13    XL:     4   Next: 5%
Magic:  7/7        EV: 11    Int: 14    God:
Gold:   101        SH:  0    Dex: 12    Spells: 3/7 levels left

rFire    . . .     SeeInvis .   a - +0 hand axe
rCold    . . .     Gourm    .   (no shield)
rNeg     . . .     Faith    .   g - +0 ring mail
rPois    .         Spirit   .   i - +0 helmet
rElec    .         Reflect  .   (no cloak)
rCorr    .         Harm     .   (no gloves)
MR       .....                  (no boots)
Stlth    +.........             (no amulet)
HPRegen  0.11/turn              (no ring)
MPRegen  0.10/turn              r - ring of wizardry

@: no status effects
A: rugged brown scales 1, powered by death 1
a: no special abilities


You were on level 3 of the Dungeon.
You were near starving.

You visited 1 branch of the dungeon, and saw 3 of its levels.

You collected 101 gold pieces.

Inventory:

Hand Weapons
 a - a +0 hand axe (weapon)
 o - a +0 hunting sling
 u - a +0 mace
Missiles
 e - 5 tomahawks of dispersal (quivered)
 l - 20 arrows
Armour
 g - a +0 ring mail (worn)
 i - a +0 helmet (worn)
Jewellery
 c - an uncursed ring of fire
 r - a ring of wizardry (right hand)
Scrolls
 b - 2 scrolls of enchant weapon {unknown}
 d - a scroll of blinking
 h - a scroll of fear {unknown}
 k - a scroll of immolation {unknown}
 p - 3 scrolls of identify {unknown}
 s - a scroll of enchant armour {unknown}
 t - a scroll of remove curse {unknown}
Potions
 j - 2 potions of curing
 m - 2 potions of heal wounds {unknown}
 n - a potion of haste {unknown}
 q - a potion of magic {unknown}
Comestibles
 f - 3 rations


   Skills:
 + Level 2.3 Fighting
 * Level 2.4(2.5) Axes
 + Level 0.1(1.4) Maces & Flails
 - Level 0.8 Throwing
 * Level 2.0 Armour
 + Level 2.0 Dodging
 + Level 0.7 Stealth
 + Level 2.2 Spellcasting
 + Level 0.2 Charms
 + Level 2.7 Translocations


You had 3 spell levels left.
You knew the following spells:

 Your Spells              Type           Power        Failure   Level  Hunger
a - Shroud of Golubria    Chrm/Tloc      #.........   16%         2    ###....
b - Blink                 Tloc           N/A          10%         2    ###....

Your spell library contained the following spells:

 Spells                   Type           Power        Failure   Level  Hunger
 Gell's Gravitas          Tloc           #.........   19%         3    ###....
 Lesser Beckoning         Tloc           #.........   19%         3    ###....
 Teleport Other           Tloc           #.......     19%         3    ###....
 Passage of Golubria      Tloc           N/A          52%         4    #####..


Dungeon Overview and Level Annotations

Branches:
Dungeon (3/15)

Altars:


Innate Abilities, Weirdness & Mutations

You are partially covered in rugged brown scales. (AC +1, +3% HP)
You regenerate a little health from kills.


Message History

The sky beast completely misses you.
You closely miss the sky beast.
The sky beast is lightly wounded.
The sky beast hits you. The sky beast shocks you.
You hit the sky beast but do no damage.
The sky beast is lightly wounded.
The sky beast hits you but does no damage.
You hit the sky beast but do no damage.
The sky beast is lightly wounded.
The sky beast hits you. The sky beast shocks you.
* * * LOW HITPOINT WARNING * * *
You miss the sky beast.
The sky beast is lightly wounded.
The sky beast flickers out of sight!
Deactivating autopickup; reactivate with Ctrl-A.
Something hits you but does no damage.
You closely miss something. Something hits you.
* * * LOW HITPOINT WARNING * * *
Something shocks you.
You die...

#.#.##### #.#......
#......# #......#
#......# #......#
#......#
#####.######
#..@{........
####.###########
+..............
#....##....######
##....#...^.......
...................
####...........###
.........#.....#
###.....#.....#


There were no monsters in sight!

Vanquished Creatures
  2 adders (D:3)
  An ooze (D:1)
  A worm (D:3)
  A leopard gecko (D:2)
  A giant cockroach (D:2)
  6 goblins
  A hobgoblin (D:1)
  3 jackals (D:1)
  7 kobolds
  2 quokkas (D:2)
  7 bats
  7 frilled lizards
  A leopard gecko skeleton (D:3)
  5 rats
45 creatures vanquished.

Notes
Turn   | Place    | Note
-------+----------+-------------------------------------------
     0 | D:1      | Descartes the Demonspawn Warper began the quest for the
                  | Orb.
     0 | D:1      | Reached XP level 1. HP: 16/16 MP: 3/3
    32 | D:1      | Reached skill level 1 in Armour
   225 | D:1      | Gained mutation: You regenerate a little health from kills.
                  | [demonic ancestry]
   225 | D:1      | Reached XP level 2. HP: 18/22 MP: 5/5
   777 | D:2      | Gained mutation: You are partially covered in rugged brown
                  | scales. (AC +1, +3% HP) [demonic ancestry]
   777 | D:2      | Reached XP level 3. HP: 22/27 MP: 6/6
  1334 | D:2      | Learned a level 2 spell: Shroud of Golubria
  1337 | D:2      | Learned a level 2 spell: Blink
  2282 | D:3      | Noticed a sky beast
  2289 | D:3      | Reached XP level 4. HP: 29/35 MP: 7/7
  2297 | D:3      | Slain by a sky beast

Skill      XL: |  1  2  3 |
---------------+----------+-----
Armour         | 1 2 |  2.0
Axes           | 2 |  2.4
Dodging        | 2 |  2.0
Fighting       | |  2.3
Maces & Flails | |  0.1
Throwing       | |  0.8
Stealth        | |  0.7
Spellcasting   | |  2.2
Charms         | |  0.2
Translocations | |  2.7

Action                   |  1- 3 |  4- 6 || total
-------------------------+-------+-------++-------
Melee: Hand axe          |   172 |     8 ||   180
  Use: Potion            |     1 |       ||     1
  Eat: Chunk             |     3 |       ||     3
Armor: Leather armour    |     2 |       ||     2
       Ring mail         |    75 |     4 ||    79
Dodge: Dodged            |   137 |     1 ||   138
